 Dungeon Crawl Stone Soup version 0.28-b1-70-g80dc712255 (webtiles) character file.

Game seed: 12593643425301184843

12266 pkoi the Destroyer (level 11, -3/89 HPs)
             Began as a Grey Draconian Conjurer on Feb 3, 2022.
             Was a Believer of Sif Muna.
             Slain by a seven-headed hydra (13 damage)
             ... on level 1 of the Lair of Beasts.
             The game lasted 00:27:51 (18172 turns).

pkoi the Destroyer (Grey Draconian Conjurer)       Turns: 18172, Time: 00:27:51

Health: -3/89      AC: 16    Str: 10    XL:     11   Next: 60%
Magic:  9/20       EV: 13    Int: 23    God:    Sif Muna [**....]
Gold:   743        SH:  0    Dex:  9    Spells: 7/22 levels left

rFire   + . .      SeeInvis .   w - staff of fire
rCold   . . .      Faith    .   (no shield)
rNeg    . . .      Spirit   .   (armour unavailable)
rPois   .          Reflect  .   (helmet restricted)
rElec   .          Harm     .   q - +0 cloak {Will+}
rCorr   .          Rampage  .   a - +2 pair of gloves
Will    +....                   (no boots)
Stlth   ++........              (no amulet)
HPRegen 0.24/turn               (no ring)
MPRegen 0.17/turn               (no ring)

@: studying Bows
A: AC +12, amphibious, unfitting armour, cold-blooded
a: Renounce Religion, Channel Magic


You were on level 1 of the Lair of Beasts.
You worshipped Sif Muna.
Sif Muna was pleased with you.
You visited 3 branches of the dungeon, and saw 14 of its levels.

You collected 743 gold pieces.

Inventory:

Hand Weapons
 b - a +0 dagger
 g - a +1 dagger of venom
 m - a +3 short sword
 v - the +8 mace "Embalmer" {elec, *Rage rN+ Int+6 Stlth+}
   (You found it on level 7 of the Dungeon)

   It occasionally discharges a powerful burst of electricity upon striking a
   foe.
   Int:       It affects your intelligence (+6).
   rN:        It protects you from negative energy.
   *Rage:     It berserks you when you make melee attacks (+20% chance).
   Stlth:     It makes you more stealthy.
Armour
 a - a +2 pair of gloves (worn)
 q - a +0 cloak of willpower (worn)
Magical Staves
 w - a staff of fire (weapon)
Jewellery
 h - the ring of the Mantidfly {rF+ rC- Str+3 Int+3 Dex+4}
   (You found it on level 2 of the Dungeon)

   [ring of protection from fire]

   Str:       It affects your strength (+3).
   Int:       It affects your intelligence (+3).
   Dex:       It affects your dexterity (+4).
   rF:        It protects you from fire.
   rC:        It makes you vulnerable to cold.
 u - a ring of positive energy
 y - the ring "Jaxaam" {Ice Dex+7}
   (You found it on level 8 of the Dungeon)

   [ring of ice]

   It enhances your ice magic.
   Dex:       It affects your dexterity (+7).
   rF:        It makes you vulnerable to fire.
   rC:        It protects you from cold.
Wands
 k - a wand of flame (23)
 l - a wand of paralysis (2)
 r - a wand of polymorph (5)
 C - a wand of iceblast (3)
 D - a wand of acid (5)
Scrolls
 e - 2 scrolls of blinking
 f - a scroll of amnesia
 n - 3 scrolls of identify
 o - a scroll of magic mapping
 p - 3 scrolls of enchant weapon
 x - 3 scrolls of fear
 z - a scroll of enchant armour
 E - a scroll of teleportation
Potions
 c - a potion of cancellation
 d - 6 potions of curing
 i - a potion of resistance
 j - 2 potions of heal wounds
 s - a potion of flight
 t - a potion of magic
 A - 2 potions of haste
 B - 2 potions of berserk rage {unknown}
 F - a potion of invisibility {unknown}


   Skills:
 + Level 5.6 Fighting
 + Level 5.1 Dodging
 - Level 1.7 Stealth
 - Level 6.0 Spellcasting
 + Level 11.4 Conjurations
 + Level 7.9 Translocations
 + Level 5.7 Fire Magic
 * Level 5.6 Invocations
 - Level 3.6 Evocations


You had 7 spell levels left.
You knew the following spells:

 Your Spells              Type           Power      Damage    Failure   Level
a - Magic Dart            Conj           100%       1d8       1%          1
b - Searing Ray           Conj           100%       2d8       1%          2
c - Iskenderun's Mystic   Conj/Tloc      51%        2d11      1%          4
d - Passage of Golubria   Tloc           43%        N/A       3%          4
e - Flame Wave            Conj/Fire      63%        2d12      2%          4

Your spell library contained the following spells:

 Spells                   Type           Power      Damage    Failure   Level
 Scorch                   Fire           98%        2d9       1%          2
 Dazzling Flash           Conj/Hex       66%        N/A       2%          3
 Stone Arrow              Conj/Erth      66%        3d11      2%          3
 Mephitic Cloud           Conj/Pois/Air  24%        N/A       5%          3
 Fulminant Prism          Conj/Hex       16%        3d11      9%          4
 Call Imp                 Summ           6%         N/A       13%         2
 Tukima's Dance           Hex            6%         N/A       26%         3
 Yara's Violent Unravell  Hex/Tmut       3%         3d4       93%         5
 Summon Cactus Giant      Summ           3%         N/A       100%        6
 Lehudib's Crystal Spear  Conj/Erth      16%        10d5      100%        8
 Animate Armour           Summ/Erth      Unusable   N/A       N/A         4

Dungeon Overview and Level Annotations

Branches:
Dungeon (12/15)            Temple (1/1) D:5            Lair (1/6) D:10
    Orc (0/2) D:9

Altars:
Ashenzari
Cheibriados
Dithmenos
Elyvilon
Fedhas
Gozag
Hepliaklqana
Kikubaaqudgha
Makhleb
Nemelex Xobeh
Okawaru
Qazlal
Ru
Sif Muna
Trog
Uskayaw
Vehumet
Wu Jian
Xom
Yredelemnul
Zin
The Shining One
Beogh
Ignis

Shops:
D:4 *   D:8 [

Annotations:
D:3 Sigmund
D:5 2 transporters, Menkaure
D:8 1 runed translucent door, DrStoges's ghost, novice DECj
D:11 exclusion: ice statue
Lair:1 2 runed translucent doors, DemonSlayer's ghost, journeyman DECj


Innate Abilities, Weirdness & Mutations

Your dull iron-grey scales are very hard. (AC +12)
You are amphibious.
You cannot fit into any form of body armour.
You are cold-blooded and may be slowed by cold attacks.


Message History

The searing ray hits the seven-headed hydra!
The seven-headed hydra is heavily wounded.
The seven-headed hydra bites you but does no damage.
The seven-headed hydra misses you.
The seven-headed hydra bites you but does no damage. x2
The seven-headed hydra bites you! The seven-headed hydra bites you. x2
The searing ray hits the seven-headed hydra!
The seven-headed hydra is heavily wounded.
You finish channelling your searing ray.
The seven-headed hydra misses you.
The seven-headed hydra bites you but does no damage.
The seven-headed hydra bites you.
The seven-headed hydra closely misses you.
The seven-headed hydra misses you. The seven-headed hydra bites you.
The seven-headed hydra misses you.
Casting: Searing Ray (safe; 1% risk of failure)
Confirm with . or Enter, or press ? or * to list all spells.
Casting: Flame Wave (dangerous; 2% risk of failure)
Press: ? - help, Dir - look around, f - activate You feel a surge of power!
A wave of flame ripples out!
The flame wave engulfs the seven-headed hydra!
The seven-headed hydra is severely wounded. (Press . to intensify the flame waves.)
The seven-headed hydra bites you! x2; The seven-headed hydra bites you.
The seven-headed hydra bites you but does no damage.
The seven-headed hydra bites you!
* * * LOW HITPOINT WARNING * * *
The seven-headed hydra closely misses you.
The seven-headed hydra bites you!
* * * LOW HITPOINT WARNING * * *
A wave of flame ripples out!
The flame wave engulfs the seven-headed hydra.
The seven-headed hydra is almost dead.
The seven-headed hydra barely misses you. x2
The seven-headed hydra bites you but does no damage.
The seven-headed hydra closely misses you.
The seven-headed hydra bites you.
* * * LOW HITPOINT WARNING * * *
The seven-headed hydra bites you!
You die...

.#..[. .....#
###.....
##..#).#
#.....# #..
##....# #..
##...D# #..
##...@# #..##
#....## #...#
##....#
#...####....##
#...........#
#...........#
#....###....#
#...## ###..#
#...# ####


You could see a seven-headed hydra.

Vanquished Creatures
  3 two-headed ogres
  2 cyclopes
  2 manticores (D:11)
  Maggie (D:8)
  An unseen horror (D:11)
  An efreet (D:11)
  Prince Ribbit (D:8)
  2 hornets
  A shadow (D:9)
  Eustachio (D:6)
  A wyvern (D:11)
  4 wraiths
  2 yaks (D:10)
  A steam dragon (D:6)
  3 vampire mosquitoes
  2 acid dragons
  Edmund (D:5)
  5 water moccasins
  An ice beast (D:7)
  5 black bears
  10 orc warriors
  2 centaurs (D:6)
  2 ogres
  4 bullfrogs
  2 gnoll sergeants
  2 scorpions
  A killer bee (D:9)
  6 howler monkeys
  6 wights
  4 centaur zombies
  5 hounds
  3 jellies
  Crazy Yiuf (D:6)
  6 orc priests
  2 bullfrog skeletons
  A centaur skeleton (D:7)
  4 iguanas
  4 orc wizards
  A scorpion zombie (D:5)
  A killer bee zombie (D:9)
  A hound skeleton (D:4)
  A howler monkey skeleton (D:7)
  9 adders
  7 gnolls
  A white imp (D:8)
  4 worms
  A dart slug (D:1)
  37 orcs
  3 ball pythons
  9 endoplasms
  3 giant cockroaches
  15 goblins
  9 hobgoblins
  3 jackals
  8 kobolds
  7 quokkas
  A bat (D:1)
  3 frilled lizards (D:1)
  7 rats
236 creatures vanquished.

Vanquished Creatures (collateral kills)
  A scorpion (D:6)
  A centaur zombie (D:6)
  A jelly (D:6)
3 creatures vanquished.

Vanquished Creatures (others)
  59 fungi
  45 plants
  7 withered plants (D:9)
111 creatures vanquished.

Grand Total: 350 creatures vanquished

Notes
Turn   | Place    | Note
-------+----------+-------------------------------------------
     0 | D:1      | pkoi the Draconian Conjurer began the quest for the Orb.
     0 | D:1      | Reached XP level 1. HP: 14/14 MP: 3/3
   275 | D:1      | Reached XP level 2. HP: 20/20 MP: 0/5
   822 | D:1      | Found a faded altar of an unknown god.
  1218 | D:2      | Reached XP level 3. HP: 20/26 MP: 0/6
  1218 | D:2      | Found a blossoming altar of Fedhas.
  1505 | D:2      | Learned a level 2 spell: Searing Ray
  1899 | D:2      | Identified the ring of the Mantidfly {rF+ rC- Str+3 Int+3
                  | Dex+4}
  1988 | D:2      | Reached skill level 5 in Conjurations
  2447 | D:2      | Reached XP level 4. HP: 33/33 MP: 3/8
  2593 | D:2      | Learned a level 4 spell: Iskenderun's Mystic Blast
  2739 | D:3      | Noticed Sigmund
  3263 | D:3      | Reached skill level 1 in Translocations
  3674 | D:4      | Found Saori's Overcharged Wands.
  3773 | D:4      | Reached XP level 5. HP: 32/38 MP: 5/9
  4113 | D:4      | Reached skill level 6 in Conjurations
  5071 | D:5      | Entered Level 5 of the Dungeon
  5077 | D:5      | Reached XP level 6. HP: 45/45 MP: 4/11
  5353 | D:5      | Noticed a water moccasin
  5361 | D:4      | Killed a water moccasin
  5788 | D:5      | Found an ancient bone altar of Kikubaaqudgha.
  6147 | D:5      | Found a transporter.
  6182 | D:5      | Your scales start taking on a dull iron-grey colour.
  6182 | D:5      | Reached XP level 7. HP: 42/50 MP: 4/13
  6220 | D:5      | Found a transporter.
  6220 | D:5      | Found a basalt altar of Yredelemnul.
  6224 | D:5      | Noticed Menkaure
  6355 | D:5      | Reached skill level 7 in Conjurations
  6556 | D:5      | Found a staircase to the Ecumenical Temple.
  6570 | Temple   | Entered the Ecumenical Temple
  6739 | Temple   | Became a worshipper of Sif Muna the Loreminder
  6820 | D:5      | Found a sacrificial altar of Ru.
  7259 | D:6      | Reached skill level 8 in Conjurations
  7259 | D:6      | Reached XP level 8. HP: 45/57 MP: 7/15
  7380 | D:6      | Noticed Edmund
  7384 | D:6      | Reached skill level 5 in Spellcasting
  7427 | D:5      | Killed Edmund
  7935 | D:6      | Reached skill level 9 in Conjurations
  8012 | D:6      | Noticed Eustachio
  8021 | D:6      | Killed Eustachio
  8022 | D:6      | Reached skill level 5 in Translocations
  8310 | D:6      | Learned a level 4 spell: Passage of Golubria
  8422 | D:6      | Found a runed translucent door.
  8423 | D:6      | Noticed Crazy Yiuf
  8481 | D:6      | Killed Crazy Yiuf
  8535 | D:7      | Reached XP level 9. HP: 62/62 MP: 11/17
  8540 | D:7      | Learned a level 4 spell: Flame Wave
  8587 | D:7      | Noticed a cyclops
  8958 | D:7      | Reached skill level 1 in Fire Magic
  9017 | D:7      | Killed a cyclops
  9018 | D:7      | Reached skill level 10 in Conjurations
  9187 | D:7      | Identified the +8 mace "Embalmer" {elec, *Rage rN+ Int+6
                  | Stlth+}
  9229 | D:7      | Reached skill level 1 in Fighting
  9755 | D:7      | Reached * piety under Sif Muna
 10560 | D:8      | Found a runed translucent door.
 10562 | D:8      | Noticed DrStoges's ghost (novice DECj)
 10563 | D:8      | Noticed a boulder beetle
 10574 | D:8      | Identified the ring "Jaxaam" {Ice Dex+7}
 10915 | D:8      | Noticed Prince Ribbit
 10923 | D:8      | Killed Prince Ribbit
 10923 | D:8      | Noticed Maggie
 10924 | D:8      | Reached skill level 1 in Invocations
 10924 | D:8      | Reached skill level 1 in Evocations
 10931 | D:8      | Identified the +1 leather armour of the Stonemason {*Slow
                  | Dex+6}
 11187 | D:8      | Killed Maggie
 11358 | D:8      | Found Goriat's Armour Shoppe.
 11494 | D:8      | Reached XP level 10. HP: 50/74 MP: 6/19
 11681 | D:8      | Found a snail-covered altar of Cheibriados.
 11682 | D:8      | Found a glowing golden altar of the Shining One.
 11683 | D:8      | Found a burning altar of Makhleb.
 11683 | D:8      | Found a sparkling altar of Nemelex Xobeh.
 12207 | D:9      | Found a stormy altar of Qazlal.
 12865 | D:9      | Noticed a two-headed ogre
 12938 | D:8      | Killed a two-headed ogre
 13362 | D:9      | Noticed a cyclops
 13375 | D:9      | Killed a cyclops
 13685 | D:9      | Paralysed by a hornet for 1 turns
 13885 | D:9      | Found a bloodstained altar of Trog.
 13957 | D:9      | Found a staircase to the Orcish Mines.
 14315 | D:10     | Entered Level 10 of the Dungeon
 14497 | D:10     | Reached ** piety under Sif Muna
 14787 | D:10     | Found a shimmering altar of Xom.
 14826 | D:10     | Reached skill level 11 in Conjurations
 14948 | D:10     | Reached XP level 11. HP: 85/85 MP: 5/20
 15334 | D:10     | Found a staircase to the Lair.
 15583 | D:10     | Noticed a two-headed ogre
 15594 | D:10     | Killed a two-headed ogre
 15595 | D:10     | Reached skill level 5 in Fire Magic
 15607 | D:10     | Reached skill level 5 in Fighting
 16649 | D:11     | Found a shadowy altar of Dithmenos.
 16649 | D:11     | Noticed a two-headed ogre
 16655 | D:11     | Killed a two-headed ogre
 16953 | D:11     | Reached skill level 5 in Invocations
 17332 | D:11     | Reached skill level 5 in Dodging
 18055 | Lair:1   | Entered Level 1 of the Lair of Beasts
 18066 | Lair:1   | Found a large runed translucent door.
 18067 | Lair:1   | Found a large runed translucent door.
 18070 | Lair:1   | Noticed DemonSlayer's ghost (journeyman DECj)
 18163 | Lair:1   | Noticed a seven-headed hydra
 18172 | Lair:1   | Slain by a seven-headed hydra

Illustrated notes

Levels and vault maps discovered:
D:1:      minmay_arrival_glassed_features, layout_loops_ring,
          chequers_ecumenical_altar_simple_redux
D:2:      kennysheep_the_goblin_king, layout_basic, basic_altar,
          grunt_ministairs_13, grunt_decor_fettered
D:3:      layout_rooms, minmay_large_rounded_square,
          amcnicky_mini_corridor_feature, nrook_campfire, minmay_pentangle,
          uniq_sigmund
D:4:      wad_pebble_path, layout_cave_pods, nicolae_shop_overcharged_wands
D:5:      layout_cave_pools, gammafunk_temple_of_torment,
          nicolae_ru_the_path_less_chosen, minmay_temple_entry_proselytizer
D:6:      layout_rooms, corexii_corridor_pit, serial_park_tiny_2,
          uniq_eustachio, uniq_crazy_yiuf_cottage, uniq_edmund
D:7:      layout_basic, minmay_misc_feat_iff, serial_bayou_pond_a,
          minmay_manual_monstrance
D:8:      layout_basic, mainiacjoe_overflow_alcove_3, ebering_ghost_inner_flame,
          serial_shops, nicolae_square_shop, interstate_on_off,
          kennysheep_decorative_pillar, lemuel_another_geyser, uniq_maggie,
          uniq_prince_ribbit1
D:9:      layout_basic, nicolae_overflow_crystal_walls, trog_ov_bears_minmay,
          david_orc_5, serial_undead, serial_undead_c, serial_undead_b,
          serial_undead_e, serial_undead_b, hangedman_minor_gate_pass
D:10:     layout_roguey, dk_xom_monty_hall, due_lair_maze_entry_diamond
D:11:     lemuel_ice_statue, layout_basic,
          nicolae_dithmenos_through_a_glass_darkly
D:12:     layout_basic
Temple:   ebering_untended_altars
Lair:1:   layout_concentric_octagons, ebering_ghost_disaster_area,
          grunt_megastairs_4

Skill      XL: |  1  2  3  4  5  6  7  8  9 10 11 |
---------------+----------------------------------+-----
Conjurations   | 5 6 8 9 10 11 | 11.4
Spellcasting   | 3 4 5 6 |  6.0
Translocations | 1 2 3 5 6 7 |  7.9
Fire Magic     | 3 4 5 |  5.7
Fighting       | 2 4 5 |  5.6
Dodging        | 3 4 5 |  5.1
Invocations    | 1 4 5 |  5.6
Evocations     | 1 3 |  3.6
Stealth        | |  1.7

Action                   |  1- 3 |  4- 6 |  7- 9 | 10-12 || total
-------------------------+-------+-------+-------+-------++-------
Melee: Dagger            |    11 |    56 |    62 |    10 ||   139
       Tailslap          |     1 |    13 |    15 |     9 ||    38
       Punch             |       |       |     1 |     2 ||     3
       Staff             |       |       |    11 |    15 ||    26
       Mace              |       |       |       |     6 ||     6
 Cast: Magic Dart        |    94 |    73 |    37 |    56 ||   260
       Searing Ray       |       |    11 |    43 |    74 ||   128
       Flame Wave        |       |       |     4 |    18 ||    22
       Iskenderun's Myst |       |       |       |     1 ||     1
  Use: Scroll            |       |     9 |     5 |     8 ||    22
       Potion            |       |     5 |       |       ||     5
 Stab: Sleeping          |     1 |       |       |       ||     1
       Distracted        |       |       |       |     1 ||     1
Armor: Skin              |     4 |    35 |    84 |   110 ||   233
Dodge: Dodged            |    11 |    72 |   121 |   147 ||   351
